 Dungeon Crawl Stone Soup version 0.31.0-32-g396128a36d (webtiles) character file.

Game seed: 2386015838566792288

13288 Silvore the Basher (level 11, -12/100 HPs)
             Began as a Minotaur Fighter on Apr 16, 2024.
             Was a Believer of the Shining One.
             Mangled by a rakshasa (illusionary)
             ... wielding the +1 scimitar "Kimyll" {speed, rC+ Dex+3}
              (26 damage)
             ... on level 11 of the Dungeon.
             The game lasted 00:12:40 (8104 turns).

Silvore the Basher (Minotaur Fighter)               Turns: 8104, Time: 00:12:40

Health: -12/100    AC: 13    Str: 32    XL:     11   Next: 73%
Magic:  10/10      EV: 11    Int:  5    God:    the Shining One [**....]
Gold:   760        SH:  6    Dex: 15    Spells: 10/10 levels left

rFire   . . .        a - +3 flail
rCold   . . .        c - +0 buckler
rNeg    + . .        g - +1 chain mail
rPois   .            (helmet restricted)
rElec   .            (no cloak)
rCorr   .            (no gloves)
SInv    .            (no boots)
Will    .....        q - amulet of regeneration Stlth
                     l - +6 ring of dexterity
HPRegen 1.16/turn    j - +6 ring of strength
MPRegen 0.12/turn

%: no passive effects
@: glowing
A: horns 2, retaliatory headbutt
a: Renounce Religion, Divine Shield


You were on level 11 of the Dungeon.
You worshipped the Shining One.
The Shining One was pleased with you.
You visited 2 branches of the dungeon, and saw 12 of its levels.
You also visited: Ossuary.

You collected 1384 gold pieces.
You spent 624 gold pieces at shops.

Inventory:

Hand Weapons
 a - a +3 flail (weapon)
 I - the +8 short sword "Grim" {holy, Dex+4}
   (You found it on level 8 of the Dungeon)

   Dex+4:     It affects your dexterity (+4).
 J - the +8 quarterstaff "Lifebane" {antimagic, rElec rF+ Int+5 Dex-3}
   (You found it on level 8 of the Dungeon)

   Int+5:     It affects your intelligence (+5).
   Dex-3:     It affects your dexterity (-3).
   rF+:       It protects you from fire.
   rElec:     It insulates you from electricity.
Missiles
 M - a throwing net (quivered)
Armour
 b - a +0 scale mail
 c - a +0 buckler (worn)
 g - a +1 chain mail (worn)
Jewellery
 d - a ring of wizardry
 i - a ring of magical power
 j - a +6 ring of strength (right hand)
 l - a +6 ring of dexterity (left hand)
 q - an amulet of regeneration (around neck)
 t - a ring of ice
 F - a ring of flight
 L - a ring of wizardry
Wands
 n - a wand of paralysis (8)
 w - a wand of digging (4)
 D - a wand of iceblast (15)
 G - a wand of flame (21)
 H - a wand of mindburst (14)
 K - a wand of acid (5)
Scrolls
 h - 2 scrolls of amnesia
 k - 3 scrolls of immolation
 r - 3 scrolls of enchant armour
 y - 2 scrolls of torment
 A - a scroll of enchant weapon
 B - a scroll of identify
 C - 2 scrolls of teleportation
 E - a scroll of fog
Potions
 e - 2 potions of lignification
 f - 2 potions of curing
 m - 4 potions of cancellation
 p - 4 potions of degeneration
 s - 3 potions of berserk rage
 u - 2 potions of mutation
 v - a potion of magic
 x - 3 potions of haste
 z - 2 potions of ambrosia


   Skills:
 + Level 10.2 Fighting
 + Level 14.5 Maces & Flails
 + Level 12.2 Armour
 + Level 4.0 Dodging
 + Level 1.2 Stealth
 + Level 8.3 Shields


You had 10 spell levels left.
You didn't know any spells.
Your spell library contained the following spells:

 Spells                   Type           Power      Damage    Failure   Level
 Blink                    Tloc           0%         N/A       95%         2
 Lesser Beckoning         Tloc           0%         N/A       95%         2
 Momentum Strike          Conj/Tloc      0%         3d8       95%         2
 Mephitic Cloud           Conj/Alch/Air  0%         N/A       99%         3
 Summon Ice Beast         Ice/Summ       0%         N/A       99%         3
 Sticky Flame             Fire/Alch      0%         2d4       100%        4
 Fireball                 Conj/Fire      0%         3d3       100%        5
 Summon Mana Viper        Hex/Summ       0%         N/A       100%        5
 Monstrous Menagerie      Summ           0%         N/A       100%        7
 Ignition                 Fire           0%         3d3       100%        8


Dungeon Overview and Level Annotations

Branches:
Dungeon (11/15)            Temple (1/1) D:7             Orc (0/2) D:10
Ossuary (visited)
   Lair: D:8-11

Altars:
Ashenzari
Cheibriados
Dithmenos
Elyvilon
Fedhas
Gozag
Hepliaklqana
Kikubaaqudgha
Makhleb
Nemelex Xobeh
Okawaru
Qazlal
Ru
Sif Muna
Trog
Uskayaw
Vehumet
Wu Jian
Xom
Yredelemnul
Zin
The Shining One

Shops:
D:4 ?==   D:6 ([??!   D:10 :

Annotations:
D:3 2 transporters, SheePop's ghost, weakling AtFi


Innate Abilities, Weirdness & Mutations

You have a pair of horns on your head.
You reflexively headbutt those who attack you in melee.


Message History

Items here: )) [[[.
The rakshasa gestures at you. The lance of force hits you!
You are knocked back by the lance of force.
You slam into the metal wall!
You see here a +0 pair of boots.
You sock the rakshasa!
The rakshasa is lightly wounded.
The rakshasa closely misses you. You furiously retaliate!
You headbutt the rakshasa! You hit the rakshasa but do no damage.
The rakshasa is moderately wounded.
The rakshasa hits you with the +1 scimitar "Kimyll" {speed, rC+ Dex+3}!
* * * LOW HITPOINT WARNING * * *
You hit the rakshasa but do no damage.
You headbutt the rakshasa, but do no damage.
The rakshasa is moderately wounded.
The rakshasa hits you with the +1 scimitar "Kimyll" {speed, rC+ Dex+3}!
* * * LOW HITPOINT WARNING * * *
You sock the rakshasa!
The rakshasa is heavily wounded.
The rakshasa hits you with the +1 scimitar "Kimyll" {speed, rC+ Dex+3}.
* * * LOW HITPOINT WARNING * * *
Unknown command.
You completely miss the rakshasa. Your headbutt misses the rakshasa.
The rakshasa is heavily wounded.
The rakshasa barely misses you.
You closely miss the rakshasa. Your headbutt misses the rakshasa.
The rakshasa is heavily wounded.
The rakshasa blinks!
You see here a +0 chain mail.
You hit the rakshasa but do no damage. You headbutt the rakshasa.
The rakshasa is heavily wounded.
The injured rakshasa weaves a defensive illusion!
The rakshasa hits you with the +1 scimitar "Kimyll" {speed, rC+ Dex+3}.
* * * LOW HITPOINT WARNING * * *
You hit the rakshasa.
The rakshasa is heavily wounded.
The rakshasa hits you with the +1 scimitar "Kimyll" {speed, rC+ Dex+3}!!
You die...

####..#######........###
.........).....#####.#
.#########.#...# #.#
###?###.†#...# #.#
.......†)##.[# #.#
####.###.#.#..# #.#
#$...).[.#.##.# #.#
####.##.#.#.#.. #.#
#[...@R#.#.##.#
###.#R#R#.#. ..
#....#.#.#.#
##..#.#.#.#. #..#/
[#.#.# #....... .. .#.
.. #. #.## ##. .


You could see 3 rakshasas.

Vanquished Creatures
  Josephine (D:11)
  2 two-headed ogres (D:11)
  2 tengu warriors (D:11)
  A cyclops (D:11)
  Maurice (D:7)
  2 manticores (D:11)
  A gargoyle (D:10)
  2 unseen horrors
  A komodo dragon (D:11)
  Jeremiah (D:7)
  2 tengu conjurers (D:11)
  A hornet (D:8)
  2 trolls (D:11)
  A shadow (D:10)
  A yak (D:11)
  8 wraiths
  A vampire (D:11)
  3 wyverns
  A steam dragon (D:6)
  An acid dragon (D:10)
  2 black bears
  2 orc warriors
  3 sky beasts
  4 centaurs
  5 kobold brigands
  5 phantoms
  4 bullfrogs
  4 gnoll sergeants
  3 scorpions
  A burial acolyte (Ossuary)
  2 wights (Ossuary)
  4 killer bees (D:7)
  8 howler monkeys
  2 jellies
  8 hounds
  4 orc priests
  2 gnoll boudas
  2 iguanas (D:5)
  A sleepcap (D:6)
  6 orc wizards
  A hound zombie (D:3)
  A mummy (Ossuary)
  19 gnolls
  9 adders
  A white imp (D:5)
  4 ufetubi
  2 adder zombies (D:3)
  An adder skeleton (D:3)
  A dart slug (D:2)
  19 orcs
  6 ball pythons
  7 endoplasms
  A giant cockroach (D:1)
  3 goblins
  7 hobgoblins
  4 quokkas
  A ball python zombie (D:3)
  5 bats
  6 frilled lizards
  7 gnoll skeletons (Ossuary)
  A goblin zombie (D:5)
  29 kobolds
  6 kobold skeletons (Ossuary)
  7 orc skeletons (Ossuary)
  A quokka skeleton (D:3)
  5 rats
  A rat zombie (D:5)
262 creatures vanquished.

Vanquished Creatures (others)
  An orc wizard (D:7)
1 creature vanquished.

Grand Total: 263 creatures vanquished

Notes
Turn   | Place    | Note
-------+----------+-------------------------------------------
     0 | D:1      | Silvore the Minotaur Fighter began the quest for the Orb.
     0 | D:1      | Reached XP level 1. HP: 19/19 MP: 0/0
     6 | D:1      | Noticed a rime drake
     6 | D:1      | Noticed a scorpion
     7 | D:1      | Noticed a black mamba
     7 | D:1      | Noticed a crocodile
   206 | D:1      | Reached XP level 2. HP: 27/27 MP: 1/1
   761 | D:2      | Found a faded altar of an unknown god.
   932 | D:2      | Reached XP level 3. HP: 33/33 MP: 2/2
  1422 | D:3      | Reached skill level 3 in Maces & Flails
  1490 | D:3      | Found a transporter.
  1491 | D:3      | Noticed SheePop's ghost (weakling AtFi)
  1492 | D:3      | Noticed an ogre
  1493 | D:3      | Noticed an ogre
  1500 | D:3      | Found a transporter.
  1556 | D:3      | Reached XP level 4. HP: 41/41 MP: 3/3
  1872 | D:4      | Reached skill level 4 in Maces & Flails
  1924 | D:4      | Reached XP level 5. HP: 45/47 MP: 4/4
  2141 | D:4      | Noticed a black bear
  2150 | D:4      | Killed a black bear
  2151 | D:4      | Reached skill level 5 in Maces & Flails
  2151 | D:4      | Reached skill level 5 in Armour
  2151 | D:4      | Reached XP level 6. HP: 53/53 MP: 5/5
  2155 | D:4      | Reached skill level 1 in Dodging
  2167 | D:4      | Identified the +0 scale mail of Osib {Regen+ Int+4}
  2201 | D:4      | Found Socasymp's Jewellery Emporium.
  2202 | D:4      | Found Car Nest's Jewellery Emporium.
  2203 | D:4      | Found Ening's Magic Scroll Emporium.
  2340 | D:5      | Entered Level 5 of the Dungeon
  2528 | D:5      | Found a sand-covered staircase.
  2543 | Ossuary  | Entered an ossuary
  2561 | Ossuary  | Reached skill level 5 in Fighting
  2661 | Ossuary  | Found an ancient bone altar of Kikubaaqudgha.
  2672 | Ossuary  | Reached XP level 7. HP: 59/61 MP: 6/6
  2678 | Ossuary  | Reached skill level 6 in Maces & Flails
  2808 | D:5      | Reached skill level 7 in Maces & Flails
  2809 | D:5      | Reached skill level 5 in Shields
  3192 | D:5      | Reached skill level 8 in Maces & Flails
  3192 | D:5      | Reached XP level 8. HP: 58/69 MP: 7/7
  3627 | D:6      | Found Saokhu's Magic Scroll Boutique.
  3630 | D:6      | Found Uciphaf's Magic Scroll Shop.
  3655 | D:6      | Found Ecad's Distillery.
  3801 | D:6      | Reached skill level 9 in Maces & Flails
  3951 | D:6      | Found Ulor's Weapon Shoppe.
  4023 | D:6      | Reached skill level 10 in Maces & Flails
  4023 | D:6      | Found Ire Wiel's Antique Armour Emporium.
  4258 | D:6      | Reached XP level 9. HP: 57/75 MP: 8/8
  4405 | D:7      | Noticed Maurice
  4425 | D:7      | Something stole a ring of ice
  4429 | D:7      | Something stole 370 gold
  4436 | D:7      | Killed Maurice
  4510 | D:7      | Found a staircase to the Ecumenical Temple.
  4552 | Temple   | Entered the Ecumenical Temple
  4579 | Temple   | Became a worshipper of Elyvilon the Healer
  4666 | D:7      | Reached skill level 11 in Maces & Flails
  4690 | D:7      | Got the Spellbook of the Blistering Gift
  4734 | D:7      | Noticed Jeremiah
  4742 | D:7      | Killed Jeremiah
  4862 | D:7      | Found an opulent altar of Gozag.
  4957 | D:7      | Found a stormy altar of Qazlal.
  5357 | D:8      | Reached * piety under Elyvilon
  5473 | D:8      | Found a hide-covered altar of Uskayaw.
  5537 | D:8      | Reached XP level 10. HP: 37/86 MP: 9/9
  5781 | D:8      | Reached skill level 12 in Maces & Flails
  5853 | D:8      | Identified the +8 short sword "Grim" {holy, Dex+4}
  5856 | D:8      | Identified the +8 quarterstaff "Lifebane" {antimagic, rElec
                  | rF+ Int+5 Dex-3}
  5953 | D:8      | Reached ** piety under Elyvilon
  6170 | D:9      | Reached skill level 10 in Armour
  6430 | D:9      | Identified the +2 ring mail "Quobrat" {Str+4 Dex-5}
  6709 | D:10     | Entered Level 10 of the Dungeon
  6709 | D:10     | Found Ymeumusch's Book Emporium.
  6892 | D:10     | Reached *** piety under Elyvilon
  7058 | D:6      | Bought a scroll of acquirement for 624 gold pieces
  7060 | D:6      | Acquired 706 gold pieces
  7270 | D:10     | Found a staircase to the Orcish Mines.
  7577 | D:10     | Noticed a gargoyle
  7592 | D:10     | Killed a gargoyle
  7593 | D:10     | Reached skill level 1 in Stealth
  7667 | D:10     | Found a glowing golden altar of the Shining One.
  7667 | D:10     | Found a radiant altar of Vehumet.
  7667 | D:10     | Found a sacrificial altar of Ru.
  7671 | D:10     | Found a glowing silver altar of Zin.
  7677 | D:10     | Fell from the grace of Elyvilon
  7677 | D:10     | Became a worshipper of the Shining One
  7677 | D:10     | Reached * piety under the Shining One
  7879 | D:11     | Identified the +1 ring mail of Hedonism {Will+}
  7911 | D:11     | Noticed a manticore
  7919 | D:11     | Killed a manticore
  7920 | D:11     | Reached skill level 13 in Maces & Flails
  7936 | D:11     | Noticed a two-headed ogre
  7941 | D:11     | Reached XP level 11. HP: 57/97 MP: 10/10
  7942 | D:11     | Noticed a two-headed ogre
  7942 | D:11     | Reached ** piety under the Shining One
  7955 | D:11     | Killed a two-headed ogre
  7956 | D:11     | Noticed Josephine
  7962 | D:11     | Killed a two-headed ogre
  7969 | D:11     | Killed Josephine
  7990 | D:11     | Reached skill level 14 in Maces & Flails
  8001 | D:11     | Identified the +8 mace of Vunonnan {drain, rF+ rN+ Int+2
                  | Dex+3}
  8001 | D:11     | Noticed a tengu warrior
  8021 | D:11     | Killed a tengu warrior
  8028 | D:11     | HP: 2/99 [cyclops (29)]
  8034 | D:11     | Identified the staff of the Abyss {rElec rCorr Dex+3 Stlth+
                  | Air}
  8042 | D:11     | Reached skill level 10 in Fighting
  8078 | D:11     | Noticed a tengu warrior
  8082 | D:11     | Identified the +1 scimitar "Kimyll" {speed, rC+ Dex+3}
  8082 | D:11     | Noticed a rakshasa
  8083 | D:11     | Killed a tengu warrior
  8104 | D:11     | Mangled by a rakshasa (illusionary)

Illustrated notes

Levels and vault maps discovered:
D:1:      onia_arrival_zoo_common, layout_loops_ring
D:2:      layout_loops_ring, hellmonk_ecumenical_altar_heavens_door,
          minmay_misc_feat_room, small_statue_intersection, minmay_crystal_room
D:3:      layout_rooms, gammafunk_ghost_smash, serial_undead, serial_undead_e,
          serial_undead_e, serial_undead_b, serial_undead_b, serial_undead_c,
          serial_undead_c
D:4:      layout_cave_pools, nicolae_shop_distant_corner_stores,
          nicolae_elevator_lobby_plus
D:5:      layout_basic, enter_ossuary_4, st_stairs_9
D:6:      minmay_diamond_boxcup, layout_gridville, serial_shops,
          nicolae_shop_waterfront, nicolae_stop_n_shop_2, shop,
          nicolae_shop_rolling_square, shop, chequers_serial_rivers_micro_b
D:7:      layout_loops_ring, nicolae_gozag_seed_capital,
          mainiacjoe_overflow_alcove_2, minmay_temple_entry_waves, st_stairs_2,
          uniq_maurice, uniq_jeremiah
D:8:      layout_cave_pools, nicolae_uskayaw_murder_on_the_dancefloor
D:9:      layout_cave_pools, minivault_1
D:10:     layout_basic, minitemple, orc_0_dummy, serial_shops,
          nicolae_stop_n_shop_2
D:11:     minmay_the_grid_triangle_9x9_rhombus_thin_mashed
          [minmay_the_grid_triangle_9x9_odd_lines,
          minmay_the_grid_triangle_9x9_prize_schism,
          minmay_the_grid_triangle_9x9_skeleton,
          minmay_the_grid_triangle_9x9_stretched_checkered], layout_long_grid,
          dpeg_lair_monsters, nicolae_ashenzari_panopticon, uniq_josephine
Temple:   regret_index_temple_generic_petals

Skill      XL: |  1  2  3  4  5  6  7  8  9 10 11 |
---------------+----------------------------------+-----
Armour         | 4 5 6 7 9 11 12 | 12.2
Fighting       | 4 5 6 7 9 10 | 10.2
Shields        | 4 5 6 7 8 |  8.3
Maces & Flails | 3 4 5 8 10 11 13 14 | 14.5
Dodging        | 1 2 3 4 |  4.0
Stealth        | 1 |  1.2

Action                     |  1- 3 |  4- 6 |  7- 9 | 10-12 || total
---------------------------+-------+-------+-------+-------++-------
  Melee: Flail             |    89 |   121 |   237 |   272 ||   719
         Headbutt          |     8 |    10 |    40 |    62 ||   120
    Use: Scroll            |     2 |     8 |    13 |     3 ||    26
         Potion            |       |       |       |     9 ||     9
 Armour: Chain mail        |    59 |   104 |   224 |   308 ||   695
         Scale mail        |     1 |       |       |       ||     1
  Dodge: Dodged            |    39 |    53 |    97 |   148 ||   337
  Block: Buckler           |    22 |    42 |    71 |    91 ||   226
